 Dungeon Crawl Stone Soup version 0.29.0-4-gdea44cf6ec (webtiles) character file.

Game seed: 4615465361421300377

1197 qw the Cleaver (level 8, -2/46 HPs)
             Began as a Tengu Warper on Aug 28, 2022.
             Was a Follower of Okawaru.
             Slain by Duvessa
             ... wielding a +0 short sword
              (6 damage)
             ... on level 6 of the Dungeon.
             The game lasted 00:00:35 (6983 turns).

qw the Cleaver (Tengu Warper)                       Turns: 6983, Time: 00:00:36

Health: -2/46      AC: 14    Str: 14    XL:     8   Next: 44%
Magic:  11/13      EV: 12    Int: 13    God:    Okawaru [*.....]
Gold:   410        SH:  0    Dex: 20    Spells: 11/11 levels left

rFire   . . .      SeeInvis .   Y - +2 hand axe
rCold   + . .      Faith    .   (no shield)
rNeg    . . .      Spirit   .   g - +0 chain mail
rPois   .          Reflect  .   (helmet restricted)
rElec   .          Harm     .   e - +2 cloak of Peumepn {rC+}
rCorr   .          Rampage  .   (no gloves)
Will    .....                   (boots unavailable)
Stlth   ..........              (no amulet)
HPRegen 0.15/turn               f - +6 ring of dexterity
MPRegen 0.13/turn               (no ring)

@: heroic, flying quickly and evasively, quick
A: beak, talons 3, nimble flight, horns 1, high MP 1
a: Renounce Religion, Heroism


You were on level 6 of the Dungeon.
You worshipped Okawaru.
Okawaru was aware of your devotion.
You visited 1 branch of the dungeon, and saw 6 of its levels.
You also visited: Sewer.

You collected 410 gold pieces.


Innate Abilities, Weirdness & Mutations

You have a beak for a mouth.
You have claws for feet.
Your magical nature lets you fly swiftly and evasively.
You have a pair of small horns on your head.
You have an increased reservoir of magic. (+10% MP)


   Skills:
 - Level 3.2(8.2) Fighting
 + Level 8.8(13.8) Axes
 - Level 1.0(6.0) Throwing
 - Level 3.4(8.4) Armour
 - Level 2.1(7.1) Dodging
 - Level 2.0 Spellcasting
 - Level 2.4 Translocations
 + Level 3.7 Invocations


You had 11 spell levels left.
You didn't know any spells.
Your spell library contained the following spells:

 Spells                   Type           Power      Damage    Failure   Level
 Blink                    Tloc           14%        N/A       93%         2
 Gell's Gravitas          Tloc           7%         N/A       99%         3
 Lesser Beckoning         Tloc           7%         N/A       99%         3
 Teleport Other           Tloc           7%         N/A       99%         3
 Manifold Assault         Tloc           7%         N/A       100%        5

Inventory:

Hand Weapons
 i - a +0 flail
 Y - a +2 hand axe (weapon)
Armour
 e - the +2 cloak of Peumepn (worn) {rC+}
   (You found it on level 2 of the Dungeon)

   rC:        It protects you from cold.
 g - a +0 chain mail (worn)
Jewellery
 f - a +6 ring of dexterity (left hand)
 m - a +4 ring of evasion
 n - a ring of fire
 r - a ring of ice
Scrolls
 k - 2 scrolls of enchant armour
 l - 2 scrolls of identify
Potions
 a - a potion of haste
 b - a potion of resistance {unknown}
 c - 4 potions of curing
 h - a potion of might {unknown}
 j - a potion of cancellation
 o - a potion of degeneration {unknown}
 q - 3 potions of mutation
 s - 2 potions of attraction {unknown}

Dungeon Overview and Level Annotations

Branches:
Dungeon (6/15)              Sewer (visited)
 Temple: D:4-7

Altars:
Elyvilon
Gozag
Makhleb
Okawaru
Ru
Uskayaw
Xom

Annotations:
D:6 Duvessa


Message History

You hit Duvessa. Your headbutt misses Duvessa.
Duvessa is heavily wounded.
Duvessa misses you.
You hit Duvessa. You claw Duvessa. You peck Duvessa, but do no damage.
Duvessa is severely wounded.
Duvessa hits you with a +0 short sword.
You hit Duvessa but do no damage.
Duvessa is severely wounded.
Duvessa hits you with a +0 short sword.
You hit Duvessa but do no damage. You peck Duvessa, but do no damage.
Duvessa is severely wounded.
Duvessa hits you with a +0 short sword.
6976 ||| DRINKING potion of heal wounds.
You feel much better.
You feel like a meek peon again. Duvessa hits you with a +0 short sword.
6977 ||| INVOKING Heroism.
You gain the combat prowess of a mighty hero.
Duvessa barely misses you. Duvessa closely misses you.
You hit Duvessa. You headbutt Duvessa, but do no damage.
Your peck misses Duvessa.
Duvessa is severely wounded.
Duvessa hits you with a +0 short sword!
You slash Duvessa! You claw Duvessa. You headbutt Duvessa, but do no damage.
Duvessa is almost dead.
Duvessa hits you with a +0 short sword.
You hit Duvessa but do no damage. You claw Duvessa, but do no damage.
Your peck misses Duvessa.
Duvessa is almost dead.
You hit Duvessa but do no damage. You claw Duvessa, but do no damage.
Duvessa is almost dead.
Duvessa hits you but does no damage.
You closely miss Duvessa. You headbutt Duvessa.
Duvessa is almost dead.
Duvessa hits you with a +0 short sword!
You barely miss Duvessa. You claw Duvessa, but do no damage.
You headbutt Duvessa, but do no damage. You peck Duvessa.
Duvessa is almost dead.
Duvessa hits you with a +0 short sword.
You die...

### #.# #.#
######.##############
#####
#............@.......
.....
######.#######e####.(
..... ###.######..#
.### ####
#####............
....#######
#...#.#.######....
........... #...#.#.###
.#.. ...........
#...#.#.#.#
#..#....###....###
##...#.#)#.####..#....#
#....# #
#'...'.......##..#....#
#....# #


You could see Duvessa (berserk).

Vanquished Creatures
  A water moccasin (D:5)
  An ice beast (D:5)
  2 black bears
  An ogre (D:6)
  A phantom (D:6)
  A necrophage (D:5)
  2 scorpions
  Dowan (D:6)
  3 jellies
  4 hounds
  A gnoll (D:1)
  9 adders
  3 river rats
  2 shadow imps
  A worm (D:3)
  3 dart slugs
  3 orcs
  8 endoplasms
  3 giant cockroaches
  6 goblins
  6 hobgoblins
  7 jackals
  4 quokkas
  11 ball pythons
  6 bats
  12 frilled lizards
  4 kobolds
  6 rats
112 creatures vanquished.

Notes
Turn   | Place    | Note
-------+----------+-------------------------------------------
     0 | D:1      | qw the Tengu Warper began the quest for the Orb.
     0 | D:1      | Reached XP level 1. HP: 12/12 MP: 4/4
     0 | D:1      | 0 ||| qw: Version: 0.1-a-89-g26bdef1
     0 | D:1      | 0 ||| qw: Game counter: 2729
     0 | D:1      | 0 ||| qw: Always use a shield: true
     0 | D:1      | 0 ||| qw: God list: Okawaru
     0 | D:1      | 0 ||| qw: Allow faded altars: false
     0 | D:1      | 0 ||| qw: Do Orc after D:15 true
     0 | D:1      | 0 ||| qw: Do second Lair branch before Depths: true
     0 | D:1      | 0 ||| qw: Lair rune preference: random
     0 | D:1      | 0 ||| qw: Plans: Normal
     0 | D:1      | 0 ||| PLANNING D:1-11
   145 | D:1      | Reached XP level 2. HP: 14/17 MP: 6/6
   219 | D:1      | Reached skill level 3 in Axes
   384 | D:1      | 384 ||| Stepping ~*~*~tactically~*~*~ (stealth).
   400 | D:1      | 400 ||| Stepping ~*~*~tactically~*~*~ (stealth).
   402 | D:1      | 402 ||| Stepping ~*~*~tactically~*~*~ (stealth).
   803 | D:1      | Reached XP level 3. HP: 21/21 MP: 7/7
  1074 | D:1      | HP: 1/21 [gnoll/+0 flail (5)]
  1076 | D:1      | Reached skill level 4 in Axes
  1357 | D:1      | 1357 ||| DROPPING +0 whip.
  1366 | D:1      | 1366 ||| UPGRADING to +0 chain mail.
  1376 | D:1      | 1376 ||| DROPPING +0 leather armour.
  1377 | D:1      | 1377 ||| UPGRADING to +6 ring of dexterity.
  1378 | D:1      | 1378 ||| READING scroll labelled ELLUZAOMUJ.
  1379 | D:1      | 1379 ||| READING scroll labelled ZULEUTUZIT.
  1497 | D:1      | 1497 ||| DROPPING scroll of blinking.
  1779 | D:2      | Identified the +2 cloak of Peumepn {rC+}
  1950 | D:2      | Reached XP level 4. HP: 12/26 MP: 8/8
  2337 | D:2      | 2337 ||| UPGRADING to +2 cloak of Peumepn {rC+}.
  2342 | D:2      | 2342 ||| UPGRADING to amulet of guardian spirit.
  2347 | D:2      | 2347 ||| READING scroll labelled ATADUE UFEEREI.
  2348 | D:2      | 2348 ||| READING scroll labelled AQULAM DUNIS.
  2349 | D:2      | 2349 ||| READING scroll labelled SIELOI IFFEY.
  2373 | D:3      | Found a faded altar of an unknown god.
  2374 | D:3      | 2374 ||| PLANNING SEWER
  2377 | D:3      | 2377 ||| Stepping ~*~*~tactically~*~*~ (stealth).
  2380 | D:3      | 2380 ||| Stepping ~*~*~tactically~*~*~ (stealth).
  2479 | D:3      | Found a glowing drain.
  2489 | D:3      | 2489 ||| READING scroll labelled VOAMNAXOXY.
  2498 | Sewer    | Entered a sewer
  2529 | Sewer    | 2529 ||| Stepping ~*~*~tactically~*~*~ (water).
  2535 | Sewer    | 2535 ||| Stepping ~*~*~tactically~*~*~ (water).
  2541 | Sewer    | Reached skill level 5 in Axes
  2553 | Sewer    | 2553 ||| READING scroll of enchant weapon.
  2553 | Sewer    | 2553 ||| ENCHANTING +1 hand axe.
  2685 | Sewer    | 2685 ||| Stepping ~*~*~tactically~*~*~ (water).
  2812 | Sewer    | Gained mutation: Your magical nature lets you fly swiftly
                  | and evasively. [Tengu growth]
  2812 | Sewer    | Reached XP level 5. HP: 19/30 MP: 7/9
  3158 | Sewer    | 3158 ||| READING 3 scrolls labelled CEEL YMOVIJE.
  3259 | Sewer    | 3259 ||| READING scroll labelled XOUCUEZETAU.
  3264 | Sewer    | 3264 ||| DRINKING 2 red potions.
  3265 | Sewer    | 3265 ||| DRINKING 2 dark potions.
  3266 | Sewer    | 3266 ||| DROPPING 2 scrolls of silence.
  3293 | D:3      | 3293 ||| PLANNING D:1-11
  3355 | D:3      | 3355 ||| Stepping ~*~*~tactically~*~*~ (hiding).
  3356 | D:3      | 3356 ||| Stepping ~*~*~tactically~*~*~ (hiding).
  3569 | D:3      | Found a white marble altar of Elyvilon.
  3815 | D:3      | 3815 ||| Stepping ~*~*~tactically~*~*~ (stealth).
  3817 | D:3      | 3817 ||| Stepping ~*~*~tactically~*~*~ (hiding).
  3964 | D:3      | 3964 ||| READING scroll labelled YZIDWIULEO.
  3965 | D:3      | 3965 ||| READING scroll labelled CIGHAACYWARI.
  3966 | D:3      | 3966 ||| READING scroll labelled AFUOLA QAEK.
  3967 | D:3      | 3967 ||| READING 5 scrolls of identify.
  3967 | D:3      | 3967 ||| IDENTIFYING amethyst potion
  3968 | D:3      | 3968 ||| READING 4 scrolls of identify.
  3968 | D:3      | 3968 ||| IDENTIFYING silvery potion
  3969 | D:3      | 3969 ||| READING 3 scrolls of identify.
  3969 | D:3      | 3969 ||| IDENTIFYING golden potion
  3970 | D:3      | 3970 ||| READING 2 scrolls of identify.
  3970 | D:3      | 3970 ||| IDENTIFYING brown potion
  3971 | D:3      | 3971 ||| DROPPING potion of flight.
  3972 | D:3      | 3972 ||| DROPPING potion of invisibility.
  4036 | D:4      | 4036 ||| Stepping ~*~*~tactically~*~*~ (stealth).
  4038 | D:4      | 4038 ||| Stepping ~*~*~tactically~*~*~ (stealth).
  4066 | D:4      | Found a shimmering altar of Xom.
  4067 | D:4      | Found an opulent altar of Gozag.
  4101 | D:4      | Reached skill level 6 in Axes
  4113 | D:4      | Reached XP level 6. HP: 32/35 MP: 8/10
  4232 | D:4      | 4232 ||| Stepping ~*~*~tactically~*~*~ (stealth).
  4247 | D:4      | Reached skill level 7 in Axes
  4420 | D:4      | Found an iron altar of Okawaru.
  4444 | D:4      | Became a worshipper of Warmaster Okawaru
  4445 | D:4      | 4445 ||| REMOVING amulet of guardian spirit.
  4559 | D:4      | 4559 ||| Stepping ~*~*~tactically~*~*~ (stealth).
  4560 | D:4      | 4560 ||| Stepping ~*~*~tactically~*~*~ (stealth).
  4562 | D:4      | 4562 ||| Stepping ~*~*~tactically~*~*~ (stealth).
  4563 | D:4      | 4563 ||| Stepping ~*~*~tactically~*~*~ (stealth).
  4743 | D:4      | Found a sacrificial altar of Ru.
  4788 | D:4      | Found a hide-covered altar of Uskayaw.
  4839 | D:4      | Noticed a black bear
  4849 | D:4      | Killed a black bear
  4850 | D:4      | Reached skill level 3 in Fighting
  5060 | D:4      | Found a burning altar of Makhleb.
  5067 | D:4      | 5067 ||| DROPPING amulet of guardian spirit.
  5068 | D:4      | 5068 ||| READING scroll labelled LIGRER INAU.
  5069 | D:4      | 5069 ||| READING scroll labelled NIFEGA VOMUTS.
  5070 | D:4      | 5070 ||| DRINKING 2 inky potions.
  5070 | D:4      | Gained mutation: You have an increased reservoir of magic.
                  | (+10% MP) [potion of mutation]
  5070 | D:4      | Gained mutation: You have a pair of small horns on your
                  | head. [potion of mutation]
  5115 | D:5      | Entered Level 5 of the Dungeon
  5137 | D:5      | Noticed an ice beast
  5147 | D:5      | Killed an ice beast
  5148 | D:5      | Reached XP level 7. HP: 35/41 MP: 12/12
  5315 | D:5      | Reached * piety under Okawaru
  5429 | D:5      | Reached skill level 8 in Axes
  5449 | D:5      | Reached skill level 1 in Invocations
  5670 | D:5      | 5670 ||| INVOKING Heroism.
  5671 | D:5      | 5671 ||| INVOKING Heroism.
  5876 | D:5      | 5876 ||| INVOKING Heroism.
  5879 | D:5      | Reached skill level 3 in Armour
  5879 | D:5      | Reached XP level 8. HP: 26/46 MP: 10/13
  6301 | D:5      | 6301 ||| DRINKING 2 purple potions.
  6405 | D:5      | 6405 ||| DROPPING potion of berserk rage.
  6468 | D:6      | 6468 ||| INVOKING Heroism.
  6474 | D:6      | Reached skill level 3 in Invocations
  6912 | D:6      | 6912 ||| INVOKING Heroism.
  6945 | D:6      | Noticed Dowan
  6946 | D:6      | 6946 ||| Stepping ~*~*~tactically~*~*~ (hiding).
  6949 | D:6      | 6949 ||| INVOKING Heroism.
  6950 | D:6      | Noticed Duvessa
  6951 | D:6      | 6951 ||| Stepping ~*~*~tactically~*~*~ (hiding).
  6959 | D:6      | Killed Dowan
  6969 | D:6      | HP: 3/46 [Duvessa/+0 short sword (10)]
  6970 | D:6      | 6970 ||| DRINKING 2 potions of heal wounds.
  6975 | D:6      | HP: 11/46 [Duvessa/+0 short sword (6)]
  6976 | D:6      | 6976 ||| DRINKING potion of heal wounds.
  6977 | D:6      | 6977 ||| INVOKING Heroism.
  6982 | D:6      | HP: 4/46 [Duvessa/+0 short sword (12)]
  6983 | D:6      | Slain by Duvessa

Levels and vault maps discovered:
D:1:      lordsloth_arrival_two_stooges, layout_loops_ring
D:2:      layout_basic, corner_web_ring
D:3:      layout_loops_ring, nicolae_elyvilon_peaceful_grove,
          cheibrodos_sewer_entry_sluice, ebering_ecumenical_altar_mist,
          kennysheep_generic_room_16
D:4:      layout_loops_ring, okawaru_metal_pillars_1_2, lemuel_round_altar,
          mainiacjoe_overflow_swirl, gammafunk_temple_overflow_pools
D:5:      layout_loops_cross
D:6:      layout_basic, chequers_serial_rivers_micro_d,
          corexii_item_surrounded_by_moat, uniq_duvessa

Skill      XL: |  1  2  3  4  5  6  7  8 |
---------------+-------------------------+-----
Axes           | 3 4 5 6 7 8 |  8.8
Armour         | 2 3 |  3.4
Fighting       | 3 |  3.2
Invocations    | 2 3 |  3.7
Throwing       | |  1.0
Dodging        | |  2.1
Spellcasting   | |  2.0
Translocations | |  2.4

Action                   |  1- 3 |  4- 6 |  7- 9 || total
-------------------------+-------+-------+-------++-------
Melee: Hand axe          |    97 |   154 |    84 ||   335
       Kick              |    21 |    35 |    36 ||    92
       Peck              |    10 |    23 |    24 ||    57
       Punch             |       |     2 |     1 ||     3
       Headbutt          |       |     2 |    19 ||    21
Throw: Boomerang         |    11 |       |    16 ||    27
Invok: Heroism           |       |       |     6 ||     6
  Use: Scroll            |     2 |    16 |       ||    18
       Potion            |       |     3 |     3 ||     6
 Stab: Sleeping          |     1 |       |       ||     1
Armor: Leather armour    |    27 |       |       ||    27
       Chain mail        |    11 |    79 |    31 ||   121
Dodge: Dodged            |    49 |    38 |    23 ||   110

Table legend:
 A = Non-vault XP
 B = Vault XP
 C = Vault XP percentage of total XP
 D = Non-vault monster count
 E = Vault monster count
 F = Vault count percentage of total count
                 A         B        C        D         E       F
            +---------+---------+-------+---------+---------+-------
      Total |    1509 |     201 |  11.8 |      88 |      24 |  21.4
            +---------+---------+-------+---------+---------+-------
        D:1 |      55 |       0 |   0.0 |      26 |       0 |   0.0
        D:2 |      35 |       0 |   0.0 |      13 |       0 |   0.0
        D:3 |      32 |      43 |  57.3 |      12 |       5 |  29.4
        D:4 |     340 |       0 |   0.0 |      19 |       0 |   0.0
        D:5 |     664 |       0 |   0.0 |      12 |       0 |   0.0
        D:6 |     383 |      75 |  16.4 |       6 |       1 |  14.3
      Sewer |       0 |      83 | 100.0 |       0 |      18 | 100.0
            +---------+---------+-------+---------+---------+-------
